 Dungeon Crawl Stone Soup version 0.29.1-15-g9cfb28693d (webtiles) character file.

Game seed: 4262795246542826295

4 safid the Chiller (level 1, 0/14 HPs)
             Began as a Merfolk Ice Elementalist on Mar 15, 2023.
             Slain by a kobold
             ... wielding a +0 dagger
              (1 damage)
             ... on level 1 of the Dungeon.
             The game lasted 00:01:02 (225 turns).

safid the Chiller (Merfolk Ice Elementalist)         Turns: 225, Time: 00:01:03

Health: 0/14       AC:  2    Str:  8    XL:     1   Next: 70%
Magic:  1/3        EV: 12    Int: 14    God:
Gold:   12         SH:  0    Dex: 14    Spells: 3/4 levels left

rFire   . . .      SeeInvis .   d - +0 whip
rCold   . . .      Faith    .   (no shield)
rNeg    . . .      Spirit   .   a - +0 robe
rPois   .          Reflect  .   (no helmet)
rElec   .          Harm     .   (no cloak)
rCorr   .          Rampage  .   (no gloves)
Will    .....                   (no boots)
Stlth   ++........              (no amulet)
HPRegen 0.04/turn               (no ring)
MPRegen 0.08/turn               (no ring)

@: no status effects
A: (nimble swimmer 2), mertail
a: no special abilities


You were on level 1 of the Dungeon.
You visited 1 branch of the dungeon, and saw 1 of its levels.

You collected 12 gold pieces.

Inventory:

Hand Weapons
 d - a +0 whip (weapon)
Armour
 a - a +0 robe (worn)
Scrolls
 c - a scroll of poison {unknown}
Potions
 b - a potion of magic


   Skills:
 + Level 0.5 Fighting
 - Level 2.6 Dodging
 - Level 2.1 Stealth
 + Level 2.1 Spellcasting
 + Level 4.5 Ice Magic


You had 3 spell levels left.
You knew the following spells:

 Your Spells              Type           Power      Damage    Failure   Level
a - Freeze                Ice            56%        1d7       3%          1

Your spell library contained the following spells:

 Spells                   Type           Power      Damage    Failure   Level
 Frozen Ramparts          Ice            28%        1d5       11%         3
 Ozocubu's Armour         Ice            14%        N/A       11%         3
 Sting                    Tmut/Pois      4%         1d3       24%         1
 Hailstorm                Conj/Ice       7%         3d4       67%         4
 Corpse Rot               Necr/Pois/Air  1%         N/A       93%         4
 Alistair's Intoxication  Tmut/Pois      0%         N/A       100%        5


Dungeon Overview and Level Annotations

Branches:
Dungeon (1/15)

Altars:


Innate Abilities, Weirdness & Mutations

((You are very nimble when in or above water. (Stealth+, EV+, Speed+++)))
Your lower body shifts to a powerful aquatic tail in water.


Message History

Aim: a kobold, wielding a +0 whip You freeze the kobold.
You kill the kobold!
The bat barely misses you.
Unknown command.
Casting: Freeze (safe; 3% risk of failure)
Confirm with . or Enter, or press ? or * to list all spells.
You can't see any susceptible monsters within range! (Use Z to cast anyway.) Unknown command.
Things that are here:
a +0 whip; a ball python corpse
d - a +0 whip An endoplasm comes into view.
d - a +0 whip (weapon)
You closely miss the bat. The bat hits you but does no damage. x2
You barely miss the bat. The bat hits you but does no damage. x3
You hit the bat but do no damage. The bat hits you.
A kobold comes into view. It is wielding a +0 dagger.
The bat barely misses you.
You hit the bat.
You kill the bat!
You see here a ball python corpse.
You hit the endoplasm but do no damage. The kobold hits you with a +0 dagger.
A rat comes into view.
The endoplasm freezes you.
You are frozen.
The endoplasm barely misses you. The kobold barely misses you.
You are too injured to fight recklessly!
Unknown command.
Casting: Freeze (safe; 3% risk of failure)
Confirm with . or Enter, or press ? or * to list all spells.
Aiming: Freeze (safe; 3% risk of failure)
Press: ? - help, Shift-Dir - straight line, f - endoplasm
Aim: an endoplasm You freeze the endoplasm.
The endoplasm is moderately wounded.
The endoplasm freezes you.
You are frozen.
* * * LOW HITPOINT WARNING * * *
The kobold hits you with a +0 dagger.
You die...

#..# #..#
##..# #...#
.!.# #+# #+##
##r.# #.#
.... #.JK#
#.# ######
#@## #.#
...... #†.#
#.# #.######
##.####.#
#......
#......#
#.###'##
####....###
#.[...
#.......#
#.....
##.......+
+..<..
........####
#.....
............#
#.....


You could see an endoplasm, a kobold and a rat.

Vanquished Creatures
  A hobgoblin (D:1)
  2 ball pythons (D:1)
  A bat (D:1)
  A kobold (D:1)
  A rat (D:1)
6 creatures vanquished.

Notes
Turn   | Place    | Note
-------+----------+-------------------------------------------
     0 | D:1      | safid the Merfolk Ice Elementalist began the quest for the
                  | Orb.
     0 | D:1      | Reached XP level 1. HP: 13/13 MP: 3/3
   152 | D:1      | Got Sunu Gugh's Tome of the Ghoulish Spider
   225 | D:1      | Slain by a kobold

Illustrated notes

Levels and vault maps discovered:
D:1:      matt_arrival_los_fun, layout_basic,
          dreamdust_ecumenical_altar_sealed_demon, minmay_close_crescents

Action                   || total
-------------------------++-------
Melee: Whip              ||     5
       Unarmed           ||     2
 Cast: Freeze            ||     8
Armor: Robe              ||     5
Dodge: Dodged            ||     9
